 Dungeon Crawl Stone Soup version 0.31.0-4-g52a2dc7128 (webtiles) character file.

Game seed: 14488181155274100974

6573 freelancePsychic the Carver (level 11, -10/87 HPs)
             Began as a Merfolk Earth Elementalist on Jan 22, 2024.
             Was an Elder of Cheibriados.
             Mangled by Erica
             ... wielding a +3 scimitar of flaming
              (18 damage)
             ... on level 9 of the Dungeon.
             The game lasted 00:12:23 (6148 turns).

freelancePsychic the Carver (MfEE)                  Turns: 6148, Time: 00:12:23

Health: -10/87     AC:  8    Str: 17    XL:     11   Next: 1%
Magic:  12/14      EV: 26    Int: 23    God:    Cheibriados [****..]
Gold:   479        SH:  5    Dex: 35    Spells: 13/14 levels left

rFire   . . .        m - +8 autumn katana {manifold assault}
rCold   . . .        (no shield)
rNeg    . . .        y - +0 steam dragon scales
rPois   .            t - +2 helmet
rElec   .            (no cloak)
rCorr   .            (no gloves)
SInv    .            (no boots)
Will    .....        l - amulet of reflection
Stlth   +++++        i - +6 ring of dexterity
HPRegen 0.34/turn    (no ring)
MPRegen 0.14/turn

%: reflection
@: very slow
A: (nimble swimmer 2), mertail
a: Renounce Religion, Bend Time, Temporal Distortion, Slouch


You were on level 9 of the Dungeon.
You worshipped Cheibriados.
Cheibriados was greatly pleased with you.
You visited 1 branch of the dungeon, and saw 9 of its levels.

You collected 479 gold pieces.

Inventory:

Hand Weapons
 d - a +0 dagger
 m - the +8 autumn katana (weapon) {manifold assault}
   (You found it on level 2 of the Dungeon)
Missiles
 f - a throwing net
Armour
 a - a +0 robe
 t - a +2 helmet (worn)
 y - +0 steam dragon scales (worn)
Jewellery
 c - a ring of ice
 i - a +6 ring of dexterity (left hand)
 l - an amulet of reflection (around neck)
 A - an amulet of magic regeneration
 C - a ring of flight
 F - a ring of positive energy
 G - a +6 ring of intelligence
Wands
 z - a wand of polymorph (13)
Scrolls
 e - a scroll of fog
 h - 2 scrolls of fear
 j - a scroll of immolation
 n - 2 scrolls of noise
 p - a scroll of vulnerability
 v - a scroll of teleportation {@r4}
 x - a scroll of revelation
 B - 2 scrolls of identify {@r1}
 E - a scroll of enchant weapon
 H - a scroll of amnesia
Potions
 b - 3 potions of magic
 g - 2 potions of heal wounds {@q2}
 k - 2 potions of attraction {unknown}
 o - a potion of brilliance {unknown}
 q - 2 potions of lignification {unknown}
 r - 2 potions of curing {unknown}
 s - 3 potions of might {unknown}
 u - 2 potions of haste {unknown}
 w - a potion of mutation {unknown}
 D - a potion of berserk rage {unknown}
 I - a potion of degeneration {unknown}


   Skills:
 + Level 8.9 Fighting
 - Level 2.1(7.9) Short Blades
 - Level 11.8(12.0) Long Blades
 + Level 10.6 Dodging
 - Level 7.3 Stealth
 - Level 2.0 Spellcasting
 - Level 0.7 Conjurations
 - Level 2.4 Earth Magic
 * Level 0.5 Invocations


You had 13 spell levels left.
You knew the following spells:

 Your Spells              Type           Power      Damage    Failure   Level
a - Sandblast             Erth           26%        2d8       4%          1

Your spell library contained the following spells:

 Spells                   Type           Power      Damage    Failure   Level
 Passwall                 Erth           13%        N/A       14%         3
 Cigotuvi's Dreadful Rot  Necr/Alch/Air  4%         N/A       19%         2
 Ensorcelled Hibernation  Hex/Ice        4%         N/A       19%         2
 Mercury Vapours          Alch/Air       4%         N/A       19%         2
 Stone Arrow              Conj/Erth      18%        3d8       21%         3
 Mephitic Cloud           Conj/Alch/Air  3%         N/A       34%         3
 Fugue of the Fallen      Necr           2%         N/A       36%         3
 Brom's Barrelling Bould  Conj/Erth      9%         2d3       56%         4
 Petrify                  Alch/Erth      7%         N/A       61%         4
 Anguish                  Hex/Necr       1%         N/A       77%         4
 Dispel Undead            Necr           2%         3d7       77%         4
 Martyr's Knell           Necr/Summ      2%         N/A       77%         4
 Freezing Cloud           Conj/Ice/Air   1%         6-21      97%         5
 Death Channel            Necr           1%         N/A       100%        6


Dungeon Overview and Level Annotations

Branches:
Dungeon (9/15)             Temple (0/1) D:5            Lair (0/5) D:8
    Orc: D:9-12

Altars:
Cheibriados
Makhleb
Nemelex Xobeh
Vehumet
The Shining One

Shops:
D:1 (

Annotations:
D:8 exclusion: 2 doors
D:9 Erica


Innate Abilities, Weirdness & Mutations

((You are very nimble when in or above water. (Stealth+, EV+, Speed+++)))
Your lower body shifts to a powerful aquatic tail in water.


Message History

You closely miss the kobold brigand.
The kobold brigand is moderately wounded.
You block the kobold brigand's attack.
You slice the kobold brigand!!
You slice through the folds of space itself!
You closely miss Erica. You slice the kobold!!
You kill the kobold!
Cheibriados appreciates the change of pace.
You kill the kobold brigand!
Cheibriados appreciates the change of pace.
Okay, then.
The flow of time bends around you.
Erica resists with some effort.
Erica hits you with a +3 scimitar of flaming!
Erica burns you! Erica grabs you. Erica constricts you.
You are too injured to fight recklessly!
You are too injured to fight recklessly!
Unknown command.
As you read the scroll of teleportation {@r4}, it crumbles to dust.
You feel strangely unstable.
Erica hits you with a +3 scimitar of flaming!!
Erica burns you! Erica constricts you.
You slash Erica!
Erica is lightly wounded.
Erica mumbles some strange words.
Erica flickers and vanishes!
Deactivating autopickup; reactivate with Ctrl-A.
You are constricted.
You hit something. Something hits you!
* * * LOW HITPOINT WARNING * * *
Something burns you.
* * * LOW HITPOINT WARNING * * *
You are constricted.
* * * LOW HITPOINT WARNING * * *
You escape Erica's grasp.
Your surroundings seem slightly different.
Found 14 gold pieces.
Found an escape hatch in the floor.
Found a stone staircase leading down.
As you read the scroll of fear, it crumbles to dust.
You assume a fearsome visage.
Nothing appears to happen.
Something hits you!!
You die...

#$..#...#....
#.>.#........
............
#...........
###...........
##.............
#./..#.........
#..)..)@.......
###..............
#...))........>..
#................
#......#.........
#####............
#............
#............
#..........


There were no monsters in sight!

Vanquished Creatures
  A two-headed ogre (D:8)
  Pikel (D:6)
  Jeremiah (D:7)
  Grinder (D:6)
  A wyvern (D:8)
  9 yaks
  Sigmund (D:6)
  3 steam dragons
  Menkaure (D:6)
  An acid dragon (D:8)
  A water moccasin (D:5)
  3 black bears
  An ice beast (D:7)
  An orc warrior (D:8)
  3 centaurs
  An ogre (D:4)
  A phantom (D:6)
  2 lemures (D:6)
  2 kobold brigands
  3 bullfrogs
  A gnoll sergeant (D:8)
  2 scorpions
  10 killer bees
  A bombardier beetle (D:5)
  4 hounds
  4 jellies
  3 gnoll boudas
  Jessica (D:3)
  4 iguanas
  2 orc wizards
  4 sleepcaps
  Robin (D:3)
  7 adders
  10 gnolls
  2 shadow imps (D:6)
  2 white imps
  2 ufetubi (D:5)
  3 dart slugs
  A ribbon worm (D:2)
  16 orcs
  2 bats (D:1)
  8 endoplasms
  13 giant cockroaches
  12 goblins
  8 hobgoblins
  5 jackals
  4 quokkas
  5 ball pythons
  3 frilled lizards
  8 kobolds
  3 rats
189 creatures vanquished.

Vanquished Creatures (others)
  An orc (D:6)
  A kobold (D:9)
2 creatures vanquished.

Grand Total: 191 creatures vanquished

Notes
Turn   | Place    | Note
-------+----------+-------------------------------------------
     0 | D:1      | freelancePsychic the Merfolk Earth Elementalist began the
                  | quest for the Orb.
     0 | D:1      | Reached XP level 1. HP: 13/13 MP: 3/3
    31 | D:1      | Reached skill level 1 in Fighting
    96 | D:1      | Reached XP level 2. HP: 22/22 MP: 0/5
   316 | D:1      | Found Biz Tero's Weapon Shoppe.
   351 | D:1      | Found a faded altar of an unknown god.
   928 | D:2      | Reached XP level 3. HP: 24/28 MP: 6/6
   942 | D:2      | Reached skill level 1 in Short Blades
  1267 | D:2      | Found the +8 autumn katana {manifold assault}
  1275 | D:2      | Reached XP level 4. HP: 23/34 MP: 4/7
  1449 | D:2      | Reached skill level 1 in Long Blades
  1718 | D:3      | Reached skill level 2 in Long Blades
  1718 | D:3      | Reached XP level 5. HP: 41/41 MP: 8/8
  1968 | D:3      | Noticed Robin
  1976 | D:3      | Killed Robin
  1980 | D:3      | Reached skill level 3 in Long Blades
  2062 | D:3      | Noticed Jessica
  2066 | D:3      | Killed Jessica
  2067 | D:3      | Reached XP level 6. HP: 48/48 MP: 9/9
  2303 | D:3      | Found a sparkling altar of Nemelex Xobeh.
  2562 | D:4      | Reached skill level 4 in Long Blades
  2674 | D:4      | Noticed a black bear
  2680 | D:4      | Killed a black bear
  2767 | D:4      | Found a snail-covered altar of Cheibriados.
  2879 | D:4      | Became a worshipper of Cheibriados the Contemplative
  2904 | D:5      | Entered Level 5 of the Dungeon
  2904 | D:5      | Noticed a black bear
  2917 | D:4      | Killed a black bear
  2918 | D:4      | Reached skill level 5 in Long Blades
  2918 | D:4      | Reached XP level 7. HP: 50/55 MP: 10/10
  2940 | D:5      | Reached skill level 5 in Dodging
  3089 | D:5      | Reached skill level 6 in Long Blades
  3091 | D:5      | Reached XP level 8. HP: 50/61 MP: 11/11
  3142 | D:5      | Reached * piety under Cheibriados
  3143 | D:5      | Reached skill level 5 in Fighting
  3212 | D:5      | Found a staircase to the Ecumenical Temple.
  3492 | D:6      | Noticed Grinder
  3581 | D:6      | Killed Grinder
  3582 | D:6      | Reached skill level 7 in Long Blades
  3716 | D:6      | Noticed Pikel
  3723 | D:6      | Noticed Sigmund
  3732 | D:6      | Killed Sigmund
  3732 | D:6      | Killed Pikel
  3733 | D:6      | Reached skill level 8 in Long Blades
  3733 | D:6      | Reached skill level 5 in Stealth
  3733 | D:6      | Reached XP level 9. HP: 43/69 MP: 12/12
  3848 | D:6      | Reached ** piety under Cheibriados
  3910 | D:6      | Noticed Menkaure
  3915 | D:6      | Killed Menkaure
  3916 | D:6      | Reached skill level 9 in Long Blades
  4581 | D:7      | Noticed Jeremiah
  4604 | D:7      | Killed Jeremiah
  4891 | D:7      | Reached skill level 10 in Long Blades
  5052 | D:8      | Reached XP level 10. HP: 79/79 MP: 13/13
  5150 | D:8      | Found a staircase to the Lair.
  5186 | D:8      | Reached *** piety under Cheibriados
  5195 | D:8      | Reached skill level 11 in Long Blades
  5511 | D:8      | Found a burning altar of Makhleb.
  5512 | D:8      | Found a glowing golden altar of the Shining One.
  5595 | D:8      | Found a radiant altar of Vehumet.
  5849 | D:9      | Noticed a two-headed ogre
  5914 | D:8      | Killed a two-headed ogre
  5915 | D:8      | Reached skill level 10 in Dodging
  5917 | D:9      | Reached **** piety under Cheibriados
  6093 | D:9      | Reached XP level 11. HP: 87/87 MP: 14/14
  6131 | D:9      | Noticed Erica
  6148 | D:9      | Mangled by Erica

Illustrated notes

Levels and vault maps discovered:
D:1:      matt_arrival_diagonals, layout_basic,
          dreamdust_ecumenical_altar_grove, serial_shops,
          nicolae_shop_hallway_plus
D:2:      minmay_roachtagon, layout_rooms, cheibrodos_gnoll_hut
D:3:      layout_basic, nemelex_diamond_rough_becter, minmay_misc_feat_square,
          uniq_jessica, uniq_robin
D:4:      layout_rooms, nicolae_overflow_crystal_walls
D:5:      layout_rooms, minmay_temple_entry_mist, minmay_misc_feat_five
D:6:      layout_rooms, uniq_menkaure, uniq_sigmund, uniq_pikel, uniq_grinder
D:7:      layout_basic, nrook_mini_vaults, uniq_jeremiah
D:8:      layout_rooms, old_standard_altar, jmf_multi_god_temple,
          lair_entry_dummy, minmay_misc_feat_alley, kennysheep_generic_room_16
D:9:      layout_cross, serial_shops, nicolae_shop_stone, uniq_erica

Skill      XL: |  1  2  3  4  5  6  7  8  9 10 |
---------------+-------------------------------+-----
Fighting       | 1 2 3 4 6 7 8 |  8.9
Short Blades   | 2 |  2.1
Dodging        | 3 4 5 7 8 10 | 10.6
Long Blades    | 2 3 5 6 8 10 11 | 11.8
Stealth        | 3 5 6 7 |  7.3
Spellcasting   | |  2.0
Conjurations   | |  0.7
Earth Magic    | |  2.4
Invocations    | |  0.5

Action                     |  1- 3 |  4- 6 |  7- 9 | 10-12 || total
---------------------------+-------+-------+-------+-------++-------
  Melee: Dagger            |   128 |     1 |       |       ||   129
         Unarmed           |    20 |       |       |       ||    20
         Katana            |       |    83 |   175 |   110 ||   368
         Punch             |       |       |     1 |       ||     1
   Cast: Sandblast         |    22 |     9 |       |       ||    31
 Invoke: Bend Time         |       |       |       |     1 ||     1
    Use: Scroll            |     2 |     2 |     8 |     3 ||    15
         Potion            |     1 |       |       |       ||     1
   Stab: Sleeping          |     2 |     6 |     6 |     2 ||    16
 Armour: Robe              |   121 |    26 |    34 |       ||   181
         Steam dragon scal |       |       |    13 |    31 ||    44
  Dodge: Dodged            |   164 |    35 |    98 |    89 ||   386
  Block: Other             |       |       |     9 |    22 ||    31
